 Dungeon Crawl Stone Soup version 0.16-a0-3483-g6616b5b (webtiles) character file.

1037 NewYearsCrawler the Grappler (level 8, -2/63 HPs)
             Began as a Ghoul Monk on Jan 3, 2015.
             Was a Believer of Okawaru.
             Killed by divine providence
             ... invoked by an orc priest
              (9 damage)
             ... on level 6 of the Dungeon on Jan 4, 2015.
             The game lasted 00:07:48 (4498 turns).

NewYearsCrawler the Grappler (Ghoul Monk)           Turns: 4498, Time: 00:07:48

Health: -2/63      AC:  9    Str: 17    XL:     8   Next: 24%
Magic:  6/6        EV:  7    Int:  5    God:    Okawaru [**....]
Gold:   371        SH:  0    Dex: 11    Spells: 0 memorised, 7 levels left

rFire  . . .     SeeInvis .       - Unarmed
rCold  + . .     Clarity  +     p - +1 chain mail
rNeg   + + +     SustAb   .     (no shield)
rPois  ∞         Gourm    .     (no helmet)
rElec  .         Spirit   .     (no cloak)
rCorr  .         Warding  .     (no gloves)
rMut   .         Stasis   .     (no boots)
MR     .....                    k - amulet of clarity
Stlth  ..........               (no ring)
                                (no ring)

@: very slightly contaminated, rotting, hasted, very quick, not resistant to
hostile enchantments, extremely unstealthy
A: rotting body, claws 1, carnivore 3, cold resistance 1, negative energy
resistance 3, poison resistance, slow healing 1, torment resistance, unbreathing
a: Heroism, Renounce Religion


You were on level 6 of the Dungeon.
You worshipped Okawaru.
Okawaru was pleased with you.
You were not hungry.

You visited 2 branches of the dungeon, and saw 7 of its levels.

You collected 371 gold pieces.

Inventory:

Armour
 p - a +1 chain mail (worn)
Jewellery
 k - an amulet of clarity (around neck)
 l - an uncursed amulet of resist mutation
 t - an uncursed ring of fire
Magical devices
 j - a wand of magic darts (23)
Scrolls
 c - 14 scrolls of identify
 i - 2 scrolls of remove curse
Potions
 b - 2 potions of curing
 h - 2 potions of might
 q - 2 potions of flight
 r - a potion of heal wounds
Books
 e - a book of Dreams

   Spells                             Type                      Level
   a - Ensorcelled Hibernation        Hexes/Ice                    2
   b - Flight                         Charms/Air                   3
   c - Phase Shift                    Translocation                5
   d - Shadow Creatures               Summoning                    5
   e - Mass Confusion                 Hexes                        6
   f - Darkness                       Hexes                        7
Comestibles
 g - a beef jerky
 o - 3 meat rations
 x - a slice of pizza
 A - a royal jelly


   Skills:
 - Level 3.2 Fighting
 - Level 2.6 Dodging
 - Level 2.1 Stealth
 * Level 11.0 Unarmed Combat


You had 7 spell levels left.
You didn't know any spells.

Dungeon Overview and Level Annotations

Branches:
Dungeon (6/15)             Temple (1/1) D:5

Altars:
Ashenzari
Cheibriados
Dithmenos
Elyvilon
Fedhas
Gozag
Kikubaaqudgha
Makhleb
Nemelex Xobeh
Okawaru
Qazlal
Ru
Trog
Vehumet
Xom
Yredelemnul
Zin
The Shining One

Shops:
D:5 (


Innate Abilities, Weirdness & Mutations

Your body is rotting away.
You thrive on raw meat.
You have sharp fingernails.
You are carnivorous and can eat meat at any time.
Your flesh is cold resistant.
You are immune to negative energy.
Your system is resistant to poisons.
You heal slowly when monsters are visible.
You are immune to unholy pain and torment.
You can survive without breathing.


Message History

The orc priest is heavily wounded.
You claw the orc priest!
You kill the orc priest!
Okawaru accepts your kill.
Your Unarmed Combat skill increases to level 11!
The orc priest calls down the wrath of Beogh upon you.
Something smites you!
* * * LOW HITPOINT WARNING * * *
The orc priest barely misses you.
Found a stone staircase leading down.
Things that are here:
a hand axe; a chain mail; an orc corpse You completely miss the orc priest.
You closely miss the orc priest.
The orc priest mumbles some strange prayers to Beogh against you.
You are unaffected.
You closely miss the orc priest.
The orc priest mumbles some strange prayers to Beogh against you.
Something smites you!
You die...

###########
#.........#
#)#######.#
#.# #.# #.#
#.########
#.#
#.........
#.#
##########
#)# # #@# #
#o# ##


.oo #######. ..... ......[. ....... #######. ......... )....... #...%.....#
######. ...[..... #. .>. #. You could see 2 orc priests and an orc.

Vanquished Creatures
  Grinder (D:3)
  A sky beast (D:5)
  Purgy (D:3)
  A centaur (D:6)
  The ghost of asdu the Chopper, a weakling HOSk of Qazlal (D:4)
  2 crimson imps
  A hound (D:4)
  4 orc priests
  A worker ant (D:6)
  3 orc wizards
  7 adders
  A giant mite (D:2)
  3 shadow imps (D:5)
  3 worms
  3 giant geckos
  2 oozes (D:2)
  16 orcs
  A ball python (D:1)
  A bat zombie (D:5)
  2 giant cockroaches
  11 goblins
  13 hobgoblins
  2 quokkas
  8 bats
  5 giant newts
  A jackal zombie (D:5)
  11 kobolds
  12 rats
118 creatures vanquished.

Notes
Turn   | Place    | Note
--------------------------------------------------------------
     0 | D:1      | NewYearsCrawler, the Ghoul Monk, began the quest for the Orb.
     0 | D:1      | Reached XP level 1. HP: 19/19 MP: 1/1
   229 | D:1      | Reached XP level 2. HP: 26/26 MP: 2/2
   250 | D:1      | Reached skill level 5 in Unarmed Combat
   613 | D:2      | Reached XP level 3. HP: 21/31 MP: 3/3
  1126 | D:2      | Reached skill level 6 in Unarmed Combat
  1126 | D:2      | Reached XP level 4. HP: 35/38 MP: 3/3
  1529 | D:3      | Noticed Grinder
  1541 | D:3      | Killed Grinder
  1541 | D:3      | Reached skill level 8 in Unarmed Combat
  1541 | D:3      | Reached XP level 5. HP: 34/45 MP: 4/4
  1541 | D:3      | Reached XP level 6. HP: 38/51 MP: 5/5
  1650 | D:3      | Found a sacrificial altar of Ru.
  1753 | D:3      | Noticed Purgy
  1768 | D:3      | Killed Purgy
  1958 | D:3      | Found a snail-covered altar of Cheibriados.
  1959 | D:3      | Found a radiant altar of Vehumet.
  2417 | D:4      | Reached skill level 9 in Unarmed Combat
  2417 | D:4      | Reached XP level 7. HP: 38/55 MP: 5/5
  2542 | D:4      | Found an ancient bone altar of Kikubaaqudgha.
  2675 | D:4      | Noticed asdu's ghost (weakling HOSk)
  2683 | D:4      | Killed asdu's ghost
  3036 | D:4      | Found a shimmering altar of Xom.
  3043 | D:4      | Found a bloodstained altar of Trog.
  3214 | D:5      | Entered Level 5 of the Dungeon
  3247 | D:5      | Found Rerusus' Antique Weapon Boutique.
  3274 | D:5      | Found a staircase to the Ecumenical Temple.
  3279 | Temple   | Entered the Ecumenical Temple
  3340 | Temple   | Became a worshipper of Warmaster Okawaru
  3340 | Temple   | Acquired Okawaru's first power
  3582 | D:5      | Reached skill level 10 in Unarmed Combat
  4167 | D:5      | Reached XP level 8. HP: 54/63 MP: 6/6
  4494 | D:6      | Reached skill level 11 in Unarmed Combat
  4498 | D:6      | Killed from afar by an orc priest

Action                   |  1- 3 |  4- 6 |  7- 9 || total
-------------------------+-------+-------+-------++-------
Melee: Unarmed           |    93 |   137 |   175 ||   405
  Use: Potion            |       |     6 |     9 ||    15
       Scroll            |       |       |     9 ||     9
 Stab: Sleeping          |     1 |       |       ||     1
       Invisible         |       |       |     1 ||     1
  Eat: Chunk             |     7 |    13 |    26 ||    46
